 Dungeon Sprint DCSS version 0.28-a0-932-g843f935a50 (webtiles) character file.

Game seed: 10564245868228864883

81585602 mhtbhm the Minotaur Barricade (level 21, 224/224 HPs)
             Began as a Minotaur Fighter on Nov 27, 2021.
             Was an Initiate of Gozag.
             Escaped with the Orb
             ... and 17 runes!
             The game lasted 00:38:46 (22445 turns).

mhtbhm the Minotaur Barricade (Minotaur Fighter)   Turns: 22445, Time: 00:38:47

Health: 224/224    AC: 49    Str: 42    XL:     21   Next: 50%
Magic:  40/40      EV: 25    Int:  5    God:    Gozag
Gold:   39597      SH: 37    Dex: 19    Spells: 53/53 levels left

rFire   + . .      SeeInvis +   a - +9 eveningstar (holy)
rCold   + . .      Faith    .   c - +3 tower shield {reflect}
rNeg    + + .      Spirit   +   b - +11 gold dragon scales
rPois   +          Reflect  +   N - +2 hat
rElec   +          Harm     .   D - +0 cloak of Devotion {rElec Dex+2 SInv Stlth-}
rCorr   +          Rampage  ∞   g - +0 pair of gloves {hurl}
Will    +....      NoTele   +   m - +3 pair of seven-league boots {Rampage+∞}
Stlth   +.........              z - brooch of Shielding {Spirit SH+8}
HPRegen 0.47/turn               A - ring "Migov" {rN+ rCorr Str+5 Slay+3}
MPRegen 0.27/turn               I - ring "Qosimneq" {Wiz rN+ Str+7 Dex+6}

@: no status effects
A: horns 2, retaliatory headbutt, screaming 1, MP-powered wands
0: Orb of Zot
}: 17/17 runes: decaying, serpentine, barnacled, slimy, elven, silver, golden,
iron, obsidian, icy, bone, abyssal, glowing, magical, fiery, dark, gossamer
a: Renounce Religion, Potion Petition, Call Merchant, Bribe Branch


You escaped.
You worshipped Gozag.
Gozag was extremely pleased with you.
You visited 1 branch You collected 60152 gold pieces.
You spent 6153 gold pieces at shops.
You paid 14402 gold pieces to Gozag.

Inventory:

Hand Weapons
 a - a +9 eveningstar of holy wrath (weapon)
 L - a +7 demon whip of electrocution
 M - the +18 lance "Wyrmbane" {slay drac, rPois rF+ rC+ AC+3}
   (You found it in the Dungeon)

   It inflicts extra damage against dragons and draconians.
   AC:        It affects your AC (+3).
   rF:        It protects you from fire.
   rC:        It protects you from cold.
   rPois:     It protects you from poison.
Armour
 b - +11 gold dragon scales (worn)
 c - a +3 tower shield of reflection (worn)
 g - a +0 pair of gloves of hurling (worn)
 m - the +3 pair of seven-league boots (worn) {Rampage+∞}
   (You bought it in a shop in the Dungeon)

   Its wearer moves as far as possible in that direction when moving towards
   enemies.
 D - the +0 cloak of Devotion (worn) {rElec Dex+2 SInv Stlth-}
   (You found it in the Dungeon)

   Dex:       It affects your dexterity (+2).
   rElec:     It insulates you from electricity.
   SInv:      It lets you see invisible.
   Stlth:     It makes you less stealthy.
 N - a +2 hat (worn)
Jewellery
 z - the brooch of Shielding (around neck) {Spirit SH+8}
   (You bought it in a shop in the Dungeon)

   [amulet of guardian spirit]

   It causes incoming damage to be divided between your reserves of health and
   magic.
   SH:        It affects your SH (+8).
 A - the ring "Migov" (left hand) {rN+ rCorr Str+5 Slay+3}
   (You bought it in a shop in the Dungeon)

   [ring of resist corrosion]

   Str:       It affects your strength (+5).
   Slay:      It affects your accuracy & damage with ranged weapons and melee
   (+3).
   rN:        It protects you from negative energy.
   rCorr:     It protects you from acid and corrosion.
 H - the amulet "Daqingyr" {Spirit rPois Will+++ Str+2 Dex-5}
   (You found it in the Dungeon)

   [amulet of guardian spirit]

   It causes incoming damage to be divided between your reserves of health and
   magic.
   Str:       It affects your strength (+2).
   Dex:       It affects your dexterity (-5).
   rPois:     It protects you from poison.
   Will:      It greatly increases your willpower.
 I - the ring "Qosimneq" (right hand) {Wiz rN+ Str+7 Dex+6}
   (You found it in the Dungeon)

   [ring of wizardry]

   It improves your spell success rate.
   Str:       It affects your strength (+7).
   Dex:       It affects your dexterity (+6).
   rN:        It protects you from negative energy.
 J - the ring "Vemos" {rC+ Slay+3}
   (You found it in the Dungeon)

   [ring of protection from cold]

   Slay:      It affects your accuracy & damage with ranged weapons and melee
   (+3).
   rC:        It protects you from cold.
Wands
 G - a wand of mindburst (8)
Scrolls
 j - 3 scrolls of blinking
 k - 3 scrolls of amnesia
 p - 4 scrolls of identify
 v - 5 scrolls of fear
 y - 4 scrolls of fog
 B - a scroll of brand weapon
 C - a scroll of summoning
Potions
 d - a potion of cancellation
 f - 5 potions of heal wounds
 h - 9 potions of magic
 n - a potion of brilliance
 o - 5 potions of resistance
 r - 7 potions of mutation
 u - 6 potions of haste
 x - 3 potions of curing
 E - a potion of invisibility
Miscellaneous
 i - the horn of Geryon (quivered)


   Skills:
 O Level 27 Fighting
 - Level 12.9(14.9) Short Blades
 - Level 13.4(15.9) Long Blades
 - Level 13.5(27) Axes
 O Level 27 Maces & Flails
 O Level 27 Polearms
 - Level 17.0(27) Staves
 - Level 12.4(22.4) Slings
 - Level 1.0 Bows
 - Level 1.2 Crossbows
 O Level 27 Throwing
 O Level 27 Armour
 O Level 27 Dodging
 O Level 27 Stealth
 O Level 27 Shields
 - Level 1.2 Unarmed Combat
 + Level 16.7 Spellcasting
 - Level 0.5 Conjurations
 - Level 0.4 Hexes
 - Level 0.6 Summonings
 - Level 0.6 Necromancy
 + Level 18.1 Translocations
 - Level 0.7 Transmutations
 - Level 0.7 Fire Magic
 + Level 18.1 Ice Magic
 - Level 0.7 Air Magic
 - Level 0.8 Earth Magic
 - Level 0.6 Poison Magic
 - Level 1.0 Invocations
 + Level 21.6 Evocations


You had 53 spell levels left.
You didn't know any spells.
Your spell library contained the following spells:

 Spells                   Type           Power      Damage    Failure   Level
 Blink                    Tloc           44%        N/A       1%          2
 Ozocubu's Armour         Ice            22%        N/A       1%          3
 Manifold Assault         Tloc           22%        N/A       1%          5
 Metabolic Englaciation   Hex/Ice        6%         N/A       9%          5


Dungeon Overview and Level Annotations

Branches:
Dungeon (1/1)

Altars:
Cheibriados
Dithmenos
Elyvilon
Fedhas
Gozag
Hepliaklqana
Kikubaaqudgha
Makhleb
Nemelex Xobeh
Okawaru
Qazlal
Ru
Sif Muna
Trog
Uskayaw
Vehumet
Wu Jian
Xom
Yredelemnul
Zin
The Shining One
Beogh
Jiyva
Lugonu

Shops:
D [[[*=?!*?*


Innate Abilities, Weirdness & Mutations

You have a pair of horns on your head.
You reflexively headbutt those who attack you in melee.
You occasionally shout uncontrollably at your foes.
You expend magic power (3 MP) to strengthen your wands.


Message History

Your headbutt misses the profane servitor.
The profane servitor is almost destroyed.
You block the profane servitor's attack. x2
You miss the profane servitor. You headbutt the profane servitor.
You destroy the profane servitor!
Your Translocations skill increases to level 18!
Your Ice Magic skill increases to level 18!
Unknown command.
Press < or > to pray at altars.
You hit the sun demon but do no damage. Your headbutt misses the sun demon.
The sun demon is distracted by your dazzling golden aura.
You catch the helpless sun demon completely off-guard!
You hit the sun demon.
The sun demon convulses.
The sun demon is no longer distracted by gold.
Your headbutt misses the sun demon.
The sun demon is lightly wounded.
You block the sun demon's attack.
Unknown command.
Press < or > to pray at altars.
You thump the sun demon!
The sun demon convulses!!
You headbutt the sun demon.
You kill the sun demon!
You now have 39597 gold pieces (gained 117).
There is a white marble altar of Elyvilon here.
You see here a +1 demon whip of venom.
There is a blossoming altar of Fedhas here.
There is a white marble altar of Elyvilon here.
You see here a +1 demon whip of venom.
There is a shadowy altar of Dithmenos here.
There is a snail-covered altar of Cheibriados here.
There is a roughly hewn altar of Beogh here.
There is an open door to the Temple here.
You see here a +0 hand axe.
Things that are here:
a +0 robe; a +0 dagger of venom
There is an open door, spattered with blood here.
There is an open door to the Dungeon, spattered with blood here.
Things that are here:
a +0 club; a +0 dagger
There is a staircase leading out of the dungeon here.
You have escaped!

▓▓▓▓▓▓▓▓▓▓▓▓▓▓▓▓▓▓
▓@▓...▓...▓...▓...
▓.▓.▓.▓[▓.▓.▓.▓.▓.
▓.▓.▓.▓[▓.▓.▓.▓.▓.
▓.▓.▓.▓.▓)▓.▓.▓.▓.
▓)▓.▓.▓.▓.▓.▓.▓.▓.
▓.▓.▓.▓[▓.▓.▓.▓.▓.
▓.▓.▓.▓.▓.▓.▓.▓.▓.
▓.▓.▓'▓.▓.▓.▓.▓.▓.
▓.▓.▓.▓.▓.▓)▓)▓.▓.


There were no monsters in sight!

Vanquished Creatures
  Cerebov (D)
  Asmodeus (D)
  Antaeus (D)
  the Royal Jelly (D)
  Ereshkigal (D)
  Gloorx Vloq (D)
  A seraph (D)
  Dispater (D)
  Mnoleg (D)
  Lom Lobon (D)
  3 orbs of fire (D)
  7 ancient liches (D)
  Mennas (D)
  5 pandemonium lords (D)
  Sojobo (D)
  5 royal mummies (D)
  2 Killer Klowns (D)
  Frederick (D)
  Saint Roka (D)
  A curse toe (D)
  Geryon (D)
  6 golden dragons (D)
  A profane servitor (D)
  Jory (D)
  A bone dragon (D)
  4 Brimstone Fiends (D)
  3 electric golems (D)
  A Tzitzimitl (D)
  2 Ice Fiends (D)
  2 tentacled monstrosities (D)
  3 deep elf blademasters (D)
  3 Hell Sentinels (D)
  3 quicksilver dragons (D)
  3 liches (D)
  33 Orb Guardians (D)
  13 sphinxes (D)
  2 deep elf master archers (D)
  Frances (D)
  2 death cobs (D)
  An Executioner (D)
  6 acid blobs (D)
  3 draconian monks (D)
  5 storm dragons (D)
  9 shadow dragons (D)
  6 nagarajas (D)
  2 tengu reavers (D)
  5 rockslimes (D)
  A demonspawn warmonger (D)
  11 azure jellies (D)
  Aizul (D)
  A draconian knight (D)
  A frost giant (D)
  3 vault wardens (D)
  A balrug (D)
  A draconian scorcher (D)
  Louise (D)
  A deep elf sorcerer (D)
  3 draconian stormcallers (D)
  A draconian shifter (D)
  6 ghost moths (D)
  2 angels (D)
  2 emperor scorpions (D)
  2 draconian annihilators (D)
  5 stone giants (D)
  2 reapers (D)
  9 ironbound preservers (D)
  2 deep elf demonologists (D)
  A bunyip (D)
  5 very ugly things (D)
  6 vampire knights (D)
  A demonspawn black sun (D)
  3 red draconians (D)
  5 deep elf annihilators (D)
  2 dire elephants (D)
  4 black draconians (D)
  3 lorocyprocas (D)
  2 yellow draconians (D)
  An eleionoma (D)
  2 white draconians (D)
  A deep elf death mage (D)
  2 purple draconians (D)
  2 merfolk javelineers (D)
  3 ettins (D)
  6 merfolk impalers (D)
  2 blizzard demons (D)
  2 deep elf high priests (D)
  2 mummy priests (D)
  5 fire dragons (D)
  3 great orbs of eyes (D)
  3 yaktaur captains (D)
  8 hydras (D)
  2 naga warriors (D)
  26 vault guards (D)
  An ironbound thunderhulk (D)
  6 rakshasas (D)
  2 spriggan air magi (D)
  An ogre mage (D)
  A centaur warrior (D)
  3 merfolk aquamancers (D)
  An ironbound frostheart (D)
  A merfolk avatar (D)
  A ghost crab (D)
  4 deep troll shamans (D)
  2 two-headed ogres (D)
  A vampire mage (D)
  7 orc high priests (D)
  A deep troll earth mage (D)
  3 tengu warriors (D)
  A thrashing horror (D)
  5 sun demons (D)
  A soul eater (D)
  A shadow wraith (D)
  A cherub (D)
  2 shadow demons (D)
  6 swamp dragons (D)
  A lindwurm (D)
  A naga ritualist (D)
  2 harpies (D)
  2 bog bodies (D)
  2 wizards (D)
  An orb spider (shapeshifter) (D)
  A deep elf pyromancer (D)
  3 wolf spiders (D)
  2 mana vipers (shapeshifter) (D)
  9 orc knights (D)
  An orb spider (D)
  An orc sorcerer (D)
  A salamander (D)
  A cyclops (D)
  A faun (shapeshifter) (D)
  2 ugly things (D)
  2 toenail golems (D)
  A rust devil (D)
  7 elephants (D)
  2 manticores (D)
  3 guardian serpents (D)
  9 moths of wrath (D)
  An orange demon (D)
  A naga mage (D)
  3 cane toads (D)
  3 black mambas (D)
  A smoke demon (D)
  A yaktaur (D)
  2 hellions (D)
  A freezing wraith (D)
  4 komodo dragons (D)
  4 demonic crawlers (D)
  An ice devil (D)
  A tengu conjurer (D)
  2 tormentors (D)
  3 merfolk (D)
  4 red devils (D)
  A wandering mushroom (D)
  21 guardian mummies (D)
  3 jumping spiders (D)
  A tyrant leech (D)
  A hornet (D)
  A water elemental (D)
  4 redbacks (D)
  12 spriggans (D)
  3 ynoxinuls (D)
  3 basilisks (D)
  Eustachio (D)
  A yak (D)
  3 neqoxecs (D)
  A vampire mosquito (D)
  4 chaos spawn (D)
  3 large abominations (D)
  4 nagas (D)
  5 water moccasins (D)
  3 acid dragons (D)
  3 floating eyes (D)
  A swamp drake (D)
  9 orc warriors (D)
  An ogre (D)
  A wolf (D)
  4 bullfrogs (D)
  A gnoll sergeant (D)
  2 small abominations (D)
  A wight (D)
  A howler monkey (D)
  A hound (D)
  7 orc priests (D)
  3 orc wizards (D)
  A gnoll (D)
  2 adders (D)
  2 white imps (D)
  An adder zombie (D)
  9 orcs (D)
  A ball python (D)
  An endoplasm (D)
  A goblin (D)
  A frilled lizard (D)
  A lurking horror (D)
586 creatures vanquished.

Vanquished Creatures (others)
  Ilsuiw (D)
  A salamander tyrant (D)
  A merfolk aquamancer (D)
  2 spriggan druids (D)
  3 ball lightnings (D)
8 creatures vanquished.

Grand Total: 594 creatures vanquished

Notes
Turn   | Place    | Note
-------+----------+-------------------------------------------
     0 | D        | mhtbhm the Minotaur Fighter began the quest for the Orb.
     0 | D        | Reached XP level 1. HP: 19/19 MP: 0/0
    15 | D        | Reached XP level 2. HP: 28/28 MP: 1/1
   129 | D        | Reached skill level 5 in Fighting
   129 | D        | Reached skill level 5 in Armour
   129 | D        | Reached skill level 5 in Shields
   131 | D        | Reached XP level 3. HP: 37/37 MP: 2/2
   132 | D        | Reached XP level 4. HP: 44/44 MP: 3/3
   168 | D        | Found a snail-covered altar of Cheibriados.
   168 | D        | Found a shadowy altar of Dithmenos.
   168 | D        | Found a white marble altar of Elyvilon.
   168 | D        | Found a blossoming altar of Fedhas.
   168 | D        | Found an opulent altar of Gozag.
   169 | D        | Found a hazy altar of Hepliaklqana.
   170 | D        | Found a viscous altar of Jiyva.
   171 | D        | Found an ancient bone altar of Kikubaaqudgha.
   172 | D        | Found a corrupted altar of Lugonu.
   173 | D        | Found a burning altar of Makhleb.
   174 | D        | Found a sparkling altar of Nemelex Xobeh.
   175 | D        | Found an iron altar of Okawaru.
   176 | D        | Became a worshipper of Gozag Ym Sagoz the Greedy
   177 | D        | Found a stormy altar of Qazlal.
   178 | D        | Found a sacrificial altar of Ru.
   179 | D        | Found a shimmering blue altar of Sif Muna.
   180 | D        | Found a bloodstained altar of Trog.
   181 | D        | Found a hide-covered altar of Uskayaw.
   182 | D        | Found a radiant altar of Vehumet.
   183 | D        | Found an ornate altar of the Wu Jian Council.
   184 | D        | Found a shimmering altar of Xom.
   185 | D        | Found a basalt altar of Yredelemnul.
   186 | D        | Found a glowing silver altar of Zin.
   187 | D        | Found a glowing golden altar of the Shining One.
   331 | D        | Noticed a two-headed ogre
   331 | D        | Noticed a gnoll sergeant
   331 | D        | Noticed a two-headed ogre
   331 | D        | Noticed an acid dragon
   352 | D        | Killed a two-headed ogre
   353 | D        | Reached XP level 5. HP: 29/58 MP: 4/4
   353 | D        | Reached XP level 6. HP: 34/66 MP: 5/5
   353 | D        | Reached XP level 7. HP: 36/71 MP: 6/6
   353 | D        | Killed a two-headed ogre
   354 | D        | Reached skill level 10 in Fighting
   354 | D        | Reached skill level 1 in Stealth
   354 | D        | Reached skill level 10 in Shields
   354 | D        | Reached XP level 8. HP: 41/81 MP: 7/7
   602 | D        | Noticed a cyan ugly thing
   602 | D        | Noticed a five-headed hydra
   602 | D        | Noticed a cyclops
   621 | D        | Killed a cyan ugly thing
   622 | D        | Reached skill level 10 in Maces & Flails
   624 | D        | Killed a five-headed hydra
   625 | D        | Reached XP level 9. HP: 44/90 MP: 8/8
   627 | D        | Reached skill level 5 in Stealth
   632 | D        | Killed a cyclops
   847 | D        | Noticed a cane toad
   847 | D        | Noticed a komodo dragon
   847 | D        | Noticed a komodo dragon
   851 | D        | Killed a cane toad
   854 | D        | Noticed a komodo dragon
   864 | D        | Killed a komodo dragon
   870 | D        | Reached XP level 10. HP: 60/99 MP: 9/9
   878 | D        | HP: 5/100 [komodo dragon (24)]
   883 | D        | Reached skill level 15 in Armour
  1019 | D        | Noticed a cane toad
  1019 | D        | Noticed a cane toad
  1037 | D        | Killed a cane toad
  1051 | D        | Killed a cane toad
  1086 | D        | Noticed an elephant
  1086 | D        | Noticed a dire elephant
  1086 | D        | Noticed an elephant
  1086 | D        | Noticed an elephant
  1086 | D        | Noticed an elephant
  1086 | D        | Noticed an elephant
  1087 | D        | Noticed an elephant
  1452 | D        | Killed an elephant
  1453 | D        | Reached skill level 15 in Maces & Flails
  1461 | D        | Killed an elephant
  1590 | D        | Killed an elephant
  1601 | D        | Killed an elephant
  1607 | D        | Killed an elephant
  1616 | D        | Killed an elephant
  1617 | D        | Reached XP level 11. HP: 72/111 MP: 10/10
  1981 | D        | Killed a dire elephant
  1982 | D        | Reached skill level 5 in Dodging
  2004 | D        | Reached skill level 15 in Fighting
  2165 | D        | Noticed Eustachio
  2174 | D        | Killed Eustachio
  2237 | D        | Noticed an orc sorcerer
  2248 | D        | Killed an orc sorcerer
  2472 | D        | Noticed an orc knight
  2472 | D        | Noticed an orc knight
  2472 | D        | Noticed an orc knight
  2478 | D        | Killed an orc knight
  2716 | D        | Killed an orc knight
  3199 | D        | Killed an orc knight
  3411 | D        | Reached skill level 5 in Evocations
  3639 | D        | Found Mueq's Antique Armour Emporium.
  3639 | D        | Noticed an orc high priest
  3639 | D        | Noticed an orc high priest
  3639 | D        | Noticed an orc knight
  3639 | D        | Noticed an orc knight
  3639 | D        | Noticed an orc high priest
  3640 | D        | Noticed an orc high priest
  3645 | D        | Killed an orc high priest
  3646 | D        | Found Isivusy's Antique Armour Shoppe.
  3646 | D        | Noticed an orc high priest
  3650 | D        | Killed an orc high priest
  3661 | D        | Noticed a sixfirhy
  3821 | D        | Killed an orc knight
  3836 | D        | Killed an orc knight
  3860 | D        | Killed an orc high priest
  4164 | D        | Killed an orc high priest
  4209 | D        | Noticed an orc knight
  4217 | D        | Killed an orc high priest
  4218 | D        | Reached skill level 10 in Stealth
  4218 | D        | Reached XP level 12. HP: 74/125 MP: 11/11
  4496 | D        | Noticed an orc high priest
  4508 | D        | Killed an orc high priest
  4519 | D        | Found Giaczatz's Armour Emporium.
  4523 | D        | Found Vytsiuc's General Store.
  4526 | D        | Noticed an orc high priest
  4537 | D        | Killed an orc high priest
  4669 | D        | Reached skill level 15 in Shields
  5095 | D        | Bought a scroll of acquirement for 676 gold pieces
  5099 | D        | Bought a pair of runed boots for 180 gold pieces
  5101 | D        | Bought a glowing cloak for 112 gold pieces
  5129 | D        | Acquired a manual of Armour
  5135 | D        | Bought a throwing net for 39 gold pieces
  5342 | D        | Bought the brooch of Shielding {Spirit SH+8} for 950 gold
                  | pieces
  5342 | D        | Found the brooch of Shielding {Spirit SH+8}
  5342 | D        | Bought the ring "Migov" {rN+ rCorr Str+5 Slay+3} for 868
                  | gold pieces
  5486 | D        | Bought a +2 chain mail of fire resistance for 301 gold
                  | pieces
  5616 | D        | Noticed a centaur warrior
  5616 | D        | Noticed a four-headed hydra
  5622 | D        | Killed a centaur warrior
  5622 | D        | Noticed a brown very ugly thing
  5629 | D        | Noticed a tengu warrior
  5632 | D        | Noticed a rakshasa
  5633 | D        | Killed a four-headed hydra
  5634 | D        | Noticed a fire dragon
  5635 | D        | Noticed a stone giant
  5636 | D        | Killed a brown very ugly thing
  5637 | D        | Noticed an ettin
  5638 | D        | Noticed a rakshasa
  5640 | D        | Noticed a rakshasa
  5642 | D        | Killed a tengu warrior
  5648 | D        | Killed a rakshasa
  5652 | D        | Killed a fire dragon
  5661 | D        | Killed a stone giant
  5662 | D        | Reached skill level 10 in Dodging
  5665 | D        | Killed an ettin
  5674 | D        | Killed a rakshasa
  5681 | D        | Killed a rakshasa
  5839 | D        | Noticed a ghost crab
  5839 | D        | Noticed a bunyip
  5839 | D        | Noticed a seven-headed hydra
  5863 | D        | Killed a ghost crab
  5864 | D        | Reached XP level 13. HP: 81/138 MP: 8/12
  5867 | D        | Noticed an eleionoma
  5868 | D        | Killed a bunyip
  5902 | D        | Killed an eleionoma
  6316 | D        | Noticed a merfolk impaler
  6329 | D        | Killed a merfolk impaler
  6546 | D        | Noticed a nagaraja
  6572 | D        | Killed a nagaraja
  7161 | D        | Noticed Aizul
  7186 | D        | Killed Aizul
  7188 | D        | Noticed Saint Roka
  7388 | D        | Killed Saint Roka
  7708 | D        | Noticed a vampire knight
  7708 | D        | Noticed a fire dragon
  7709 | D        | Noticed a stone giant
  7713 | D        | Killed a vampire knight
  7725 | D        | Noticed a fire dragon
  7728 | D        | Killed a fire dragon
  7732 | D        | Reached XP level 14. HP: 149/152 MP: 13/13
  7735 | D        | Killed a stone giant
  7741 | D        | Noticed a red very ugly thing
  7756 | D        | Reached skill level 1 in Throwing
  7763 | D        | Killed a red very ugly thing
  7768 | D        | Noticed a frost giant
  7809 | D        | Killed a frost giant
  7949 | D        | Noticed an ironbound preserver
  7949 | D        | Noticed an ironbound preserver
  7949 | D        | Noticed an ironbound preserver
  7949 | D        | Noticed a green very ugly thing
  7956 | D        | Killed an ironbound preserver
  7967 | D        | Killed an ironbound preserver
  7968 | D        | Noticed a vault warden
  7973 | D        | Paralysed by a great orb of eyes for 4 turns
  7989 | D        | Noticed an ironbound preserver
  7993 | D        | Killed an ironbound preserver
  7994 | D        | Noticed a sphinx
  8003 | D        | Killed a green very ugly thing
  8004 | D        | Noticed an ironbound preserver
  8013 | D        | Killed an ironbound preserver
  8018 | D        | Noticed a vault warden
  8021 | D        | Killed a vault warden
  8024 | D        | Noticed an ironbound preserver
  8027 | D        | Killed an ironbound preserver
  8031 | D        | Killed a sphinx
  8052 | D        | Killed a vault warden
  8054 | D        | Killed an ironbound preserver
  8289 | D        | Noticed Mennas
  8345 | D        | Killed Mennas
  8553 | D        | Noticed an emperor scorpion
  8565 | D        | Killed an emperor scorpion
  8633 | D        | Got the +0 cloak of Devotion {rElec Dex+2 SInv Stlth-}
  8751 | D        | Noticed Frederick
  8768 | D        | Killed Frederick
  8769 | D        | Reached XP level 15. HP: 88/168 MP: 7/14
  8817 | D        | Noticed Louise
  8829 | D        | Killed Louise
  8853 | D        | Bought 2 potions of might for 136 gold pieces
  8853 | D        | Bought a potion of resistance for 170 gold pieces
  8853 | D        | Bought a potion of curing for 51 gold pieces
  8853 | D        | Bought a potion of heal wounds for 85 gold pieces
  8853 | D        | Bought a potion of mutation for 136 gold pieces
  8853 | D        | Bought a potion of resistance for 170 gold pieces
  8856 | D        | Bought a scroll of magic mapping for 52 gold pieces
  8856 | D        | Bought a scroll of brand weapon for 300 gold pieces
  8856 | D        | Bought a scroll of identify for 30 gold pieces
  8856 | D        | Bought a scroll of identify for 30 gold pieces
  8856 | D        | Bought a scroll of summoning for 142 gold pieces
  8868 | D        | Noticed Jory
  8878 | D        | Killed Jory
  9035 | D        | Noticed a nagaraja
  9035 | D        | Noticed a nagaraja
  9036 | D        | Noticed a nagaraja
  9042 | D        | Noticed a nagaraja
  9045 | D        | Killed a nagaraja
  9052 | D        | Killed a nagaraja
  9058 | D        | Killed a nagaraja
  9068 | D        | HP: 8/170 [poisoned by a nagaraja (bolt of poison)]
  9611 | D        | Killed a nagaraja
  9633 | D        | Noticed a nagaraja
  9639 | D        | Killed a nagaraja
  9772 | D        | Got a serpentine rune of Zot
  9802 | D        | Noticed Ilsuiw
  9867 | D        | Killed Ilsuiw
  9892 | D        | Reached skill level 27 in Shields
  9901 | D        | Got a barnacled rune of Zot
  9966 | D        | Noticed a ghost moth
  9966 | D        | Noticed a ghost moth
  9967 | D        | Noticed a ghost moth
  9967 | D        | Killed a ghost moth
  9977 | D        | Noticed a ghost moth
  9983 | D        | Killed a ghost moth
  9988 | D        | Killed a ghost moth
  9990 | D        | Killed a ghost moth
  9992 | D        | Noticed a ghost moth
 10004 | D        | Killed a ghost moth
 10005 | D        | Reached skill level 27 in Fighting
 10019 | D        | Got a gossamer rune of Zot
 10184 | D        | Reached skill level 27 in Maces & Flails
 10186 | D        | Reached skill level 15 in Stealth
 10214 | D        | Got a decaying rune of Zot
 10649 | D        | Reached skill level 15 in Dodging
 10679 | D        | Reached XP level 16. HP: 179/183 MP: 15/15
 10819 | D        | Noticed an ancient lich
 10840 | D        | Killed an ancient lich
 10841 | D        | Noticed a storm dragon
 10850 | D        | Noticed a shadow dragon
 10854 | D        | Noticed a shadow dragon
 10871 | D        | Killed a storm dragon
 10897 | D        | Killed a shadow dragon
 10912 | D        | Killed a shadow dragon
 11201 | D        | Noticed a shadow dragon
 11201 | D        | Noticed an ancient lich
 11201 | D        | Noticed a shadow dragon
 11201 | D        | Noticed a shadow dragon
 11201 | D        | Noticed a shadow dragon
 11207 | D        | Killed an ancient lich
 11208 | D        | Reached skill level 27 in Armour
 11208 | D        | Noticed a shadow dragon
 11209 | D        | Noticed a golden dragon
 11216 | D        | Killed a shadow dragon
 11220 | D        | Killed a shadow dragon
 11228 | D        | Killed a shadow dragon
 11233 | D        | Killed a shadow dragon
 11238 | D        | Killed a golden dragon
 11241 | D        | Killed a shadow dragon
 11243 | D        | Got the Tome of the Frigorific Voyage
 11245 | D        | Got a silver rune of Zot
 11481 | D        | Noticed a tengu reaver
 11482 | D        | Noticed a tengu reaver
 11483 | D        | Noticed Sojobo
 11488 | D        | Killed a tengu reaver
 11492 | D        | Killed a tengu reaver
 11500 | D        | Killed Sojobo
 11671 | D        | Got the ring "Pirchu" {rCorr EV+3}
 11673 | D        | Got the amulet "Daqingyr" {Spirit rPois Will+++ Str+2
                  | Dex-5}
 11675 | D        | Got the ring "Qosimneq" {Wiz rN+ Str+7 Dex+6}
 11677 | D        | Got the ring "Vemos" {rC+ Slay+3}
 11680 | D        | Found the +8 lance "Wyrmbane" {slay drac, rPois rF+ rC+
                  | AC+3}
 11910 | D        | Noticed Frances
 11918 | D        | Killed Frances
 12122 | D        | Reached XP level 17. HP: 185/191 MP: 16/16
 12264 | D        | Noticed a golden dragon
 12264 | D        | Noticed a bone dragon
 12289 | D        | Killed a bone dragon
 12303 | D        | Killed a golden dragon
 12309 | D        | Reached skill level 5 in Staves
 12321 | D        | Reached skill level 5 in Polearms
 12472 | D        | Noticed a tentacled monstrosity
 12488 | D        | Reached skill level 10 in Polearms
 12496 | D        | Killed a tentacled monstrosity
 12632 | D        | Noticed a quicksilver dragon
 12632 | D        | Noticed a golden dragon
 12641 | D        | Killed a quicksilver dragon
 12645 | D        | Noticed a golden dragon
 12646 | D        | Reached skill level 10 in Staves
 12672 | D        | Reached skill level 15 in Polearms
 12675 | D        | Killed a golden dragon
 12682 | D        | Killed a golden dragon
 12712 | D        | Noticed a quicksilver dragon
 12718 | D        | Noticed a golden dragon
 12732 | D        | Killed a quicksilver dragon
 12747 | D        | Killed a golden dragon
 12953 | D        | Noticed an electric golem
 12953 | D        | Noticed a curse toe
 12986 | D        | Killed a curse toe
 13005 | D        | Killed an electric golem
 13345 | D        | Noticed an Orb Guardian
 13345 | D        | Noticed an Orb Guardian
 13345 | D        | Noticed an Orb Guardian
 13345 | D        | Noticed an Orb Guardian
 13345 | D        | Noticed an Orb Guardian
 13345 | D        | Noticed an Orb Guardian
 13353 | D        | Killed an Orb Guardian
 13356 | D        | Killed an Orb Guardian
 13368 | D        | Killed an Orb Guardian
 13371 | D        | Noticed an Orb Guardian
 13372 | D        | Killed an Orb Guardian
 13376 | D        | Killed an Orb Guardian
 13377 | D        | Reached skill level 15 in Staves
 13381 | D        | Killed an Orb Guardian
 13386 | D        | Killed an Orb Guardian
 13389 | D        | Noticed an Orb Guardian
 13390 | D        | Noticed an Orb Guardian
 13390 | D        | Noticed an Orb Guardian
 13396 | D        | Killed an Orb Guardian
 13397 | D        | Reached XP level 18. HP: 200/200 MP: 17/17
 13402 | D        | Killed an Orb Guardian
 13405 | D        | Killed an Orb Guardian
 13415 | D        | Noticed an Orb Guardian
 13415 | D        | Noticed an Orb Guardian
 13416 | D        | Noticed an Orb Guardian
 13422 | D        | Noticed an Orb Guardian
 13431 | D        | Killed an Orb Guardian
 13432 | D        | Reached skill level 27 in Polearms
 13436 | D        | Killed an Orb Guardian
 13448 | D        | Killed an Orb Guardian
 13451 | D        | Killed an Orb Guardian
 13584 | D        | Noticed an ancient lich
 13594 | D        | Killed an ancient lich
 13807 | D        | Noticed an orb of fire
 13820 | D        | Killed an orb of fire
 13860 | D        | Noticed an electric golem
 13869 | D        | Killed an electric golem
 13983 | D        | Noticed a tentacled monstrosity
 13983 | D        | Noticed an Orb Guardian
 13983 | D        | Noticed an orb of fire
 13986 | D        | Noticed an orb of fire
 13991 | D        | Noticed a Killer Klown
 13996 | D        | Gained mutation: You expend magic power (3 MP) to
                  | strengthen your wands. [an orb of fire]
 14002 | D        | Killed an orb of fire
 14003 | D        | Noticed a golden dragon
 14005 | D        | Noticed a Killer Klown
 14011 | D        | Gained mutation: You occasionally shout uncontrollably at
                  | your foes. [an orb of fire]
 14012 | D        | Killed an orb of fire
 14013 | D        | Reached skill level 27 in Stealth
 14013 | D        | Noticed an electric golem
 14018 | D        | Killed a tentacled monstrosity
 14025 | D        | Killed an Orb Guardian
 14026 | D        | Reached skill level 10 in Throwing
 14032 | D        | Killed a golden dragon
 14036 | D        | Noticed an ancient lich
 14048 | D        | Killed an electric golem
 14060 | D        | Killed a Killer Klown
 14068 | D        | Killed an ancient lich
 14080 | D        | Killed a Killer Klown
 14296 | D        | Noticed an Orb Guardian
 14296 | D        | Noticed an Orb Guardian
 14296 | D        | Noticed an Orb Guardian
 14296 | D        | Noticed an Orb Guardian
 14296 | D        | Noticed an Orb Guardian
 14296 | D        | Noticed an Orb Guardian
 14304 | D        | Killed an Orb Guardian
 14312 | D        | Killed an Orb Guardian
 14322 | D        | Killed an Orb Guardian
 14330 | D        | Killed an Orb Guardian
 14338 | D        | Killed an Orb Guardian
 14349 | D        | Killed an Orb Guardian
 14354 | D        | Noticed an Orb Guardian
 14354 | D        | Noticed an Orb Guardian
 14355 | D        | Noticed an Orb Guardian
 14356 | D        | Noticed an Orb Guardian
 14360 | D        | Killed an Orb Guardian
 14361 | D        | Noticed an Orb Guardian
 14368 | D        | Killed an Orb Guardian
 14369 | D        | Noticed an Orb Guardian
 14374 | D        | Killed an Orb Guardian
 14381 | D        | Killed an Orb Guardian
 14392 | D        | Killed an Orb Guardian
 14396 | D        | Killed an Orb Guardian
 14502 | D        | Noticed a lich
 14502 | D        | Noticed a lich
 14502 | D        | Noticed a lich
 14502 | D        | Noticed an ancient lich
 14502 | D        | Noticed an ancient lich
 14504 | D        | Noticed an ancient lich
 14504 | D        | Killed a lich
 14508 | D        | Killed a lich
 14515 | D        | Reached XP level 19. HP: 198/207 MP: 16/18
 14517 | D        | Killed an ancient lich
 14526 | D        | Killed an ancient lich
 14542 | D        | Killed an ancient lich
 14549 | D        | Reached skill level 27 in Throwing
 14753 | D        | Reached skill level 1 in Crossbows
 14758 | D        | Reached skill level 1 in Short Blades
 14758 | D        | Reached skill level 1 in Unarmed Combat
 14762 | D        | Reached skill level 1 in Long Blades
 14762 | D        | Reached skill level 1 in Axes
 14765 | D        | Reached skill level 1 in Slings
 14765 | D        | Reached skill level 1 in Bows
 14765 | D        | Reached skill level 1 in Invocations
 14817 | D        | Reached skill level 1 in Spellcasting
 14817 | D        | Reached skill level 1 in Translocations
 14817 | D        | Reached skill level 1 in Ice Magic
 14842 | D        | Reached skill level 5 in Axes
 14843 | D        | Reached skill level 5 in Short Blades
 14843 | D        | Reached skill level 5 in Long Blades
 14850 | D        | Reached skill level 5 in Slings
 14869 | D        | Got an elven rune of Zot
 14914 | D        | Paralysed by a floating eye for 4 turns
 14918 | D        | Noticed the Royal Jelly
 14943 | D        | Paralysed by a floating eye for 4 turns
 14955 | D        | Paralysed by a floating eye for 3 turns
 14964 | D        | Killed the Royal Jelly
 14965 | D        | Reached skill level 5 in Translocations
 14965 | D        | Reached skill level 5 in Ice Magic
 14973 | D        | Paralysed by a floating eye for 3 turns
 14982 | D        | Paralysed by a floating eye for 4 turns
 14992 | D        | Reached skill level 5 in Spellcasting
 15027 | D        | Got a slimy rune of Zot
 15400 | D        | Reached skill level 10 in Axes
 15407 | D        | Reached skill level 10 in Long Blades
 15414 | D        | Reached skill level 10 in Short Blades
 15431 | D        | Reached skill level 10 in Slings
 15431 | D        | Reached skill level 10 in Evocations
 15752 | D        | Noticed a royal mummy
 15766 | D        | Killed a royal mummy
 15776 | D        | Reached XP level 20. HP: 85/216 MP: 13/29
 16062 | D        | Bought a scroll of fog for 42 gold pieces
 16062 | D        | Bought a scroll of fog for 42 gold pieces
 16062 | D        | Bought a scroll of enchant weapon for 157 gold pieces
 16062 | D        | Bought a scroll of enchant armour for 157 gold pieces
 16062 | D        | Bought a scroll of enchant weapon for 157 gold pieces
 16068 | D        | Noticed a royal mummy
 16068 | D        | Noticed a royal mummy
 16068 | D        | Noticed a royal mummy
 16198 | D        | Noticed a royal mummy
 16204 | D        | Killed a royal mummy
 16209 | D        | Killed a royal mummy
 16311 | D        | Killed a royal mummy
 16784 | D        | Killed a royal mummy
 16785 | D        | Reached skill level 27 in Dodging
 16808 | D        | Got a golden rune of Zot
 16868 | D        | Got an abyssal rune of Zot
 17466 | D        | Noticed Geryon
 17472 | D        | Killed Geryon
 17482 | D        | Bought the +3 pair of seven-league boots {Rampage+∞} for
                  | 1120 gold pieces
 17482 | D        | Found the +3 pair of seven-league boots {Rampage+∞}
 17482 | D        | Bought 2 grey potions for 50 gold pieces
 17498 | D        | Found the +7 sceptre of Asmodeus
 17498 | D        | Noticed Asmodeus
 17498 | D        | Noticed Ereshkigal
 17499 | D        | Noticed Lom Lobon
 17502 | D        | Found the +4 staff of Dispater
 17502 | D        | Noticed Dispater
 17513 | D        | Noticed Mnoleg
 17515 | D        | Killed Asmodeus
 17906 | D        | Killed Lom Lobon
 17907 | D        | Reached skill level 10 in Translocations
 17907 | D        | Reached skill level 10 in Ice Magic
 18336 | D        | Killed Ereshkigal
 18657 | D        | Killed Mnoleg
 18658 | D        | Reached skill level 10 in Spellcasting
 18663 | D        | Noticed Antaeus
 18664 | D        | Killed Dispater
 18681 | D        | Killed Antaeus
 18682 | D        | Reached skill level 15 in Evocations
 18816 | D        | Found the +6 sword of Cerebov {flame}
 18816 | D        | Noticed Cerebov
 18831 | D        | Killed Cerebov
 18910 | D        | Noticed Gloorx Vloq
 18917 | D        | Killed Gloorx Vloq
 19300 | D        | Got an obsidian rune of Zot
 19304 | D        | Got a bone rune of Zot
 19308 | D        | Got a magical rune of Zot
 19312 | D        | Got an iron rune of Zot
 19316 | D        | Got a glowing rune of Zot
 19320 | D        | Got an icy rune of Zot
 19324 | D        | Got a fiery rune of Zot
 19328 | D        | Got a dark rune of Zot
 19741 | D        | Got the Orb of Zot
 19996 | D        | Noticed Qaeweq the pandemonium lord
 20006 | D        | Killed Qaeweq the pandemonium lord
 20398 | D        | Noticed Onaaril the pandemonium lord
 20403 | D        | Killed Onaaril the pandemonium lord
 20763 | D        | Reached skill level 15 in Translocations
 20763 | D        | Reached skill level 15 in Ice Magic
 21089 | D        | Reached XP level 21. HP: 224/224 MP: 36/38
 21136 | D        | Noticed Bain the pandemonium lord
 21152 | D        | Killed Bain the pandemonium lord
 21268 | D        | Noticed Vuir the pandemonium lord
 21278 | D        | Killed Vuir the pandemonium lord
 21326 | D        | Noticed Rihualif the pandemonium lord
 21330 | D        | Killed Rihualif the pandemonium lord
 21334 | D        | Reached skill level 15 in Spellcasting
 21782 | D        | Noticed a seraph
 21789 | D        | Killed a seraph
 22399 | D        | Noticed a profane servitor
 22416 | D        | Killed a profane servitor
 22445 | D        | Escaped with the Orb!

Illustrated notes

Levels and vault maps discovered:
D:        linesprint [early_d, line_temple, items_1, d_10, items_2, lair_1,
          lair_end, items_3, orc_1, orc_end, items_4, d_15, swamp_1, shoals_1,
          snake_1, spider_1, d_20, vaults_1, items_5, swamp_end, shoals_end,
          snake_end, spider_end, vaults_end, d_27, items_6, zot_1, zot_end,
          crypt_end, forest_end, elf_end, slime_end, tomb_end, abyss_end,
          pan_hell_end]

Skill      XL: |  1  2  3  4  5  6  7  8  9 10 11 12 13 14 15 16 17 18 19 20 21 |
---------------+----------------------------------------------------------------+-----
Fighting       | 4 5 6 9 10 11 12 14 17 19 21 24 27 | 27.0
Armour         | 4 5 6 11 12 14 16 17 18 20 21 24 27 | 27.0
Shields        | 4 5 6 9 10 11 12 14 16 21 24 27 | 27.0
Maces & Flails | 3 4 8 9 11 13 15 17 19 21 24 27 | 27.0
Dodging        | 2 3 4 7 10 11 12 15 23 24 26 27 | 27.0
Evocations     | 2 3 4 5 10 18 21 | 21.6
Stealth        | 1 4 7 9 10 11 13 14 16 21 23 27 | 27.0
Throwing       | 1 23 27 | 27.0
Polearms       | 25 27 | 27.0
Staves         | 15 17 | 17.0
Crossbows      | 1 |  1.2
Short Blades   | 11 12 | 12.9
Unarmed Combat | 1 |  1.2
Long Blades    | 11 13 | 13.4
Axes           | 12 13 | 13.5
Slings         | 11 12 | 12.4
Bows           | 1 |  1.0
Invocations    | 1 |  1.0
Spellcasting   | 7 14 16 | 16.7
Translocations | 7 15 18 | 18.1
Ice Magic      | 7 15 18 | 18.1
Conjurations   | |  0.5
Hexes          | |  0.4
Summonings     | |  0.6
Necromancy     | |  0.6
Transmutations | |  0.7
Fire Magic     | |  0.7
Air Magic      | |  0.7
Earth Magic    | |  0.8
Poison Magic   | |  0.6

Action                   |  1- 3 |  4- 6 |  7- 9 | 10-12 | 13-15 | 16-18 | 19-21 || total
-------------------------+-------+-------+-------+-------+-------+-------+-------++-------
Melee: Flail             |    19 |    18 |    65 |   378 |       |       |       ||   480
       Headbutt          |     2 |     1 |    21 |   153 |   213 |   274 |   229 ||   893
       Demon whip        |       |       |       |    82 |   513 |       |       ||   595
       Eveningstar       |       |       |       |       |   251 |   284 |   583 ||  1118
       Lance             |       |       |       |       |       |   554 |    66 ||   620
Throw: Throwing net      |       |       |       |       |     1 |       |       ||     1
       Javelin           |       |       |       |       |       |     4 |       ||     4
Invok: Potion Petition   |       |       |     1 |     4 |     6 |     2 |     3 ||    16
       Call Merchant     |       |       |       |     1 |     2 |       |     3 ||     6
Evoke: Wand              |       |     6 |       |     4 |       |       |       ||    10
  Use: Potion            |     1 |     3 |     3 |     5 |    12 |     1 |     6 ||    31
       Scroll            |       |       |       |     4 |     9 |     9 |     7 ||    29
 Stab: Invisible         |       |       |    10 |    13 |       |     1 |       ||    24
       Distracted        |       |       |       |     4 |    11 |     9 |    13 ||    37
       Sleeping          |       |       |       |     2 |     2 |       |     2 ||     6
       Held in net/web   |       |       |       |       |     3 |       |       ||     3
Armor: Scale mail        |     8 |    12 |       |       |       |       |       ||    20
       Chain mail        |       |       |    13 |    75 |    90 |    32 |       ||   210
       Ring mail         |       |       |       |    17 |       |       |       ||    17
       Gold dragon scale |       |       |       |       |       |    87 |   137 ||   224
Dodge: Dodged            |     7 |    11 |    17 |    81 |    81 |    98 |    77 ||   372
Block: Buckler           |     2 |     5 |    10 |    72 |       |       |       ||    89
       Tower shield      |       |       |       |    39 |   544 |   590 |   413 ||  1586
       Reflection        |       |       |       |       |       |     5 |     6 ||    11

Table legend: (Time is in decaauts) A = Elapsed time spent in this place. B = Non-inter-level travel time spent in this place. C = Inter-level travel time spent in this place. D = Time resting spent in this place. E = Time spent auto-exploring this place. F = Levels seen in this place. G = Mean time per level. A B C D E F G +--------+--------+--------+--------+--------+-----+--------+ Total | 21458 | 20927 | 531 | 10331 | 2085 | 1 | 21458.0 | Dungeon | 21458 | 20927 | 531 | 10331 | 2085 | 1 | 21458.0 | +--------+--------+--------+--------+--------+-----+--------+

Top non-repeatable levels by time:
       D: 21458 daAuts
